Map: Amygdala

Players

Spirit (souL) - Winner!

  • Race: Terran Terran
  • League: Master
  • Spawn Location: 7:00

Geralt (Gerald)

  • Race: Protoss Protoss
  • League: Grandmaster
  • Spawn Location: 1:00

Event: HomeStory Cup XXVI

VOD

Have the link to the VOD?

Description

Time

  • Played on: Nov. 29, 2024, 1:05 p.m.
  • Length: 9:15

All games in this series

Show
View Real Time Build Order
Export as new Build Order

Spirit Terran - Winner!

Build Orders: Liberator Opening, Reaper Expand 

Get SALT Encoding   

  12  0:00  SCV  
  13  0:12  SCV  
  14  0:16  Supply Depot  
  14  0:24  SCV  
  15  0:38  SCV  
  15  0:40  Barracks  
  16  0:44  Refinery  
  16  0:50  SCV  
  17  1:02  SCV  
  18  1:14  SCV  
  19  1:28  Orbital Command, Reaper  
  20  1:39  Command Center  
  21  1:54  Supply Depot, SCV  
  21  2:00  Marine  
  22  2:06  SCV  
  22  2:07  Factory  
  23  2:18  SCV  
  23  2:19  Marine  
  25  2:29  Refinery, Bunker  
  25  2:30  SCV  
  26  2:40  Barracks Reactor  
  26  2:42  SCV  
  27  2:51  Hellion  
  29  2:54  SCV  
  29  2:57  Starport  
  30  2:59  Orbital Command  
  29  3:06  SCV  
  29  3:12  Factory Tech Lab  
  30  3:17  Marine x2  
  30  3:19  SCV  
  33  3:26  SCV  
  34  3:31  SCV, Cyclone  
  38  3:35  Marine x2  
  38  3:38  Supply Depot, SCV  
  41  3:43  SCV, Liberator  
  45  3:51  SCV  
  46  3:59  Marine x2  
  46  4:00  SCV  
  49  4:03  SCV  
  49  4:04  Supply Depot  
  50  4:12  SCV  
  50  4:13  Siege Tank  
  50  4:16  SCV  
  53  4:17  Marine  
  53  4:22  Engineering Bay  
  54  4:25  Supply Depot  
  54  4:26  SCV  
  54  4:28  SCV  
  56  4:35  Command Center  
  57  4:38  SCV  
  57  4:40  SCV  
  57  4:44  Marine x2  
  60  4:45  Starport Tech Lab  
  60  4:49  Supply Depot  
  60  4:50  SCV, Missile Turret  
  62  4:52  SCV  
  62  5:01  Siege Tank  
  62  5:02  SCV  
  62  5:05  SCV  
  67  5:10  Barracks  
  67  5:12  Terran Infantry Weapons Level 1, Barracks  
  67  5:14  SCV  
  67  5:15  Refinery  
  67  5:17  Stimpack  
  68  5:21  Marine, Refinery  
  68  5:22  SCV  
  68  5:28  SCV  
  70  5:38  Barracks  
  70  5:40  Barracks  
  70  5:43  Supply Depot  
  70  5:46  Supply Depot, SCV x2  
  70  5:49  Orbital Command, Marauder  
  74  5:54  Starport Reactor  
  71  5:57  Marine  
  71  5:58  SCV x2  
  71  6:01  Factory Reactor  
  74  6:04  Supply Depot  
  74  6:10  SCV x2, Marauder  
  75  6:11  Combat Shield  
  75  6:12  Marine, Marauder  
  75  6:15  SCV  
  75  6:16  Marine  
  80  6:20  Supply Depot  
  80  6:22  Supply Depot  
  80  6:23  SCV  
  81  6:26  Barracks Reactor  
  81  6:27  Barracks Tech Lab  
  81  6:30  Marine  
  81  6:31  Medivac  
  81  6:32  Medivac  
  85  6:37  Marauder x2  
  89  6:40  Marine  
  89  6:43  Orbital Command  
  89  6:48  Marine, Marauder, Widow Mine  
  89  6:50  Widow Mine  
  89  6:52  SCV  
  97  6:58  Marine  
  97  6:59  Marauder x2  
  100  7:01  Medivac  
  100  7:05  Marine  
  103  7:10  Marauder  
  103  7:11  Terran Infantry Armor Level 1  
  103  7:12  Medivac  
  103  7:13  Concussive Shells  
  107  7:16  Marine x2  
  107  7:17  Marine  
  107  7:20  Marine, Marauder  
  107  7:22  Supply Depot  
  113  7:23  Marine  
  113  7:26  Supply Depot, Widow Mine  
  116  7:31  SCV  
  116  7:32  SCV x2, Marauder, Widow Mine  
  116  7:33  Sensor Tower  
  116  7:34  Marine  
  124  7:42  Marine  
  124  7:43  SCV  
  124  7:44  SCV  
  124  7:45  Marine, Marauder  
  124  7:47  Widow Mine  
  129  7:53  Widow Mine, Medivac x2  
  129  7:54  Marine  
  129  7:56  SCV  
  137  8:00  Supply Depot  
  137  8:01  Supply Depot  
  137  8:02  Marine  
  137  8:03  Ghost Academy  
  137  8:04  SCV  
  139  8:08  SCV  
  140  8:19  Refinery  
  140  8:20  Command Center  
  140  8:21  Refinery  
  140  8:22  Marauder, Widow Mine x2  
  140  8:25  Marine  
  147  8:30  Marine  
  147  8:31  Marauder  
  150  8:38  Marine x2  
  152  8:41  Marine  
  152  8:43  Widow Mine x2  
  152  8:46  Marine  
  155  8:49  Marine  
  155  8:54  Marine  
Show
View Real Time Build Order
Export as new Build Order

Geralt Protoss 

Build Orders: 1 Gate Expand, Blink Stalkers 

Get SALT Encoding   

  12  0:00  Probe  
  13  0:12  Probe  
  14  0:17  Pylon  
  14  0:22  Probe  
  15  0:31  Probe  
  16  0:37  Gateway  
  16  0:39  Probe  
  16  0:46  Assimilator  
  17  0:51  Probe  
  18  1:03  Probe  
  19  1:15  Probe  
  20  1:24  Cybernetics Core  
  22  1:27  Probe  
  23  1:36  Nexus  
  21  1:41  Pylon  
  21  1:44  Probe  
  22  1:50  Assimilator  
  22  1:51  Adept  
  22  1:56  Probe  
  25  2:02  Warp Gate  
  25  2:08  Probe  
  26  2:15  Stalker  
  26  2:20  Probe  
  26  2:22  Pylon  
  28  2:34  Probe  
  28  2:35  Stalker, Twilight Council  
  29  2:43  Blink  
  29  2:45  Shield Battery  
  29  2:48  Probe  
  32  2:53  Probe  
  33  3:00  Probe  
  34  3:06  Probe  
  34  3:12  Probe  
  36  3:20  Probe  
  36  3:24  Probe  
  38  3:28  Stalker  
  38  3:30  Gateway  
  38  3:32  Probe  
  41  3:36  Probe  
  41  3:40  Gateway  
  42  3:44  Probe  
  42  3:46  Robotics Facility  
  43  3:48  Probe  
  44  3:56  Probe  
  44  4:00  Probe  
  45  4:08  Probe  
  46  4:11  Pylon  
  45  4:17  Probe  
  45  4:20  Probe  
  45  4:22  Nexus  
  46  4:27  Pylon  
  46  4:28  Assimilator  
  46  4:32  Stalker  
  46  4:33  Observer, Pylon  
  46  4:34  Sentry  
  46  4:36  Probe  
  52  4:42  Stalker  
  54  4:48  Probe  
  54  4:50  Charge  
  54  4:51  Probe  
  56  4:58  Assimilator  
  56  5:02  Probe  
  56  5:05  Probe  
  58  5:13  Stalker  
  60  5:14  Probe  
  60  5:17  Probe  
  60  5:19  Forge, Robotics Bay  
  62  5:23  Zealot  
  62  5:24  Zealot  
  62  5:28  Probe  
  67  5:30  Pylon  
  67  5:31  Probe  
  68  5:37  Probe  
  68  5:39  Probe  
  68  5:41  Probe  
  70  5:44  Stalker  
  70  5:45  Probe  
  70  5:47  Probe  
  72  5:53  Probe  
  72  5:54  Probe  
  74  5:57  Probe  
  74  6:01  Stalker x2  
  80  6:06  Colossus  
  80  6:09  Probe  
  80  6:11  Probe x2  
  89  6:25  Gateway, Probe  
  90  6:27  Pylon  
  90  6:28  Probe  
  90  6:30  Gateway  
  91  6:35  Zealot  
  91  6:37  Pylon  
  93  6:45  Probe x3  
  96  6:47  Pylon  
  96  6:50  Shield Battery  
  95  6:56  Colossus  
  95  6:57  Probe  
  95  7:00  Protoss Ground Weapons Level 1  
  96  7:02  Probe  
  96  7:07  Probe  
  96  7:08  Stalker x3, Extended Thermal Lance  
  96  7:12  Probe  
  96  7:14  Probe  
  102  7:17  Gateway  
  102  7:18  Gateway  
  102  7:19  Probe  
  103  7:24  Zealot, Probe  
  105  7:30  Zealot  
  105  7:31  Zealot x3  
  107  7:46  Zealot, Probe  
  107  7:50  Pylon  
  107  7:51  Pylon  
  110  7:53  Gateway, Zealot x3  
  110  7:55  Assimilator  
  110  7:56  Assimilator  
  116  8:00  Pylon  
  116  8:03  Pylon  
  116  8:05  Pylon  
  116  8:07  Nexus  
  116  8:10  Pylon  
  116  8:17  Shield Battery, Probe  
  117  8:25  Templar Archives  
  118  8:28  Stalker x4  
  118  8:29  Stalker  
  118  8:32  Zealot x2  
  131  8:36  Probe  
  122  8:45  Probe  
  93  9:02  Zealot x4  
Tags
 
Add a new tag
Caveats
  • Supply blocks, unpowered buildings, or Contaminate may cause inaccurate times.
  • Supply counts are checked every 10 seconds.